 Dungeon Crawl Stone Soup version 0.27.1-3-gb3d3a73c9e (webtiles) character file.

Game seed: 3783794509117951342

115 raph the Digger (level 5, 0/28 HPs)
             Began as a Gargoyle Earth Elementalist on Oct 29, 2021.
             Killed by divine providence
             ... invoked by an orc priest
              (13 damage)
             ... on level 3 of the Dungeon.
             The game lasted 00:04:19 (3430 turns).

raph the Digger (Gargoyle Earth Elementalist)       Turns: 3430, Time: 00:04:20

Health: 0/28       AC:  6    Str: 18    XL:     5   Next: 0%
Magic:  1/8        EV: 11    Int: 16    God:
Gold:   88         SH:  0    Dex: 10    Spells: 2/8 levels left

rFire    . . .     SeeInvis .   g - +2 flail (protect)
rCold    . . .     Faith    .   (no shield)
rNeg     + . .     Spirit   .   b - +0 robe
rPois    ∞         Reflect  .   (no helmet)
rElec    +         Harm     .   (no cloak)
rCorr    .         Rampage  .   (no gloves)
Will     .....                  (no boots)
Stlth    ++........             e - amulet of regeneration
HPRegen  1.09/turn              n - +6 ring of strength
MPRegen  0.11/turn              (no ring)

@: no status effects
A: sickness immunity, AC +4, negative energy resistance 1, electricity
resistance, torment resistance 1, petrification resistance
a: no special abilities


You were on level 3 of the Dungeon.
You visited 1 branch of the dungeon, and saw 3 of its levels.

You collected 88 gold pieces.

Inventory:

Hand Weapons
 f - a +0 whip
 g - a +2 flail of protection (weapon)
Missiles
 c - 74 stones
Armour
 b - a +0 robe (worn)
Jewellery
 e - an amulet of regeneration (around neck)
 n - a +6 ring of strength (left hand)
Scrolls
 a - a scroll of identify {unknown}
 d - 2 scrolls of fog {unknown}
 i - a scroll of teleportation {unknown}
 j - 2 scrolls of enchant weapon {unknown}
 k - a scroll of torment {unknown}
 l - a scroll of acquirement {unknown}
Potions
 h - a potion of attraction {unknown}
 m - a potion of brilliance {unknown}
 o - a potion of mutation {unknown}


   Skills:
 - Level 1.5 Dodging
 - Level 2.1 Stealth
 - Level 2.0 Spellcasting
 + Level 2.3 Conjurations
 - Level 0.7 Transmutations
 + Level 5.9 Earth Magic


You had 2 spell levels left.
You knew the following spells:

 Your Spells              Type           Power      Damage    Failure   Level
a - Sandblast             Erth           40%        2d10      1%          1
b - Passwall              Tmut/Erth      10%        N/A       8%          2
c - Stone Arrow           Conj/Erth      28%        3d8       12%         3

Your spell library contained the following spells:

 Spells                   Type           Power      Damage    Failure   Level
 Petrify                  Tmut/Erth      12%        N/A       45%         4


Dungeon Overview and Level Annotations

Branches:
Dungeon (3/15)

Altars:


Innate Abilities, Weirdness & Mutations

You are immune to sickness and miasma.
Your stone body is resilient. (AC +4)
You are immune to poison.
You resist negative energy. (rN+)
You are resistant to electric shocks. (rElec)
You are resistant to unholy torment.
You are immune to petrification.


Message History

Aiming: Sandblast (safe; 1% risk of failure)
Press: ? - help, Q - select action, (/) - cycle Shift-Dir - straight line, f/p - orc priest
Aim: an orc priest, wielding a +0 trident and wearing a +0 ring mail (83% to hit)
The blast of sand hits the orc priest.
The orc priest is moderately wounded.
The orc priest hits you from afar with a +0 trident!
Aiming: Sandblast (safe; 1% risk of failure)
Press: ? - help, Q - select action, (/) - cycle Shift-Dir - straight line, f/p - orc priest
Aim: an orc priest, wielding a +0 trident and wearing a +0 ring mail (moderately wounded, 83% to hit)
The blast of sand hits the orc priest but does no damage.
The orc priest is moderately wounded.
The orc priest hits you from afar with a +0 trident.
Aiming: Sandblast (safe; 1% risk of failure)
Press: ? - help, Q - select action, (/) - cycle Shift-Dir - straight line, f/p - orc priest
Aim: an orc priest, wielding a +0 trident and wearing a +0 ring mail (moderately wounded, 83% to hit)
The blast of sand hits the orc priest!
The orc priest is almost dead.
The orc priest misses you.
You close the door.
An orc priest opens the door.
Your magical contamination has completely faded away.
You close the door.
An orc priest opens the door.
You close the door.
An orc priest opens the door.
The orc priest hits you from afar with a +0 trident.
You close the door.
An orc priest opens the door.
Aiming: Sandblast (safe; 1% risk of failure)
Press: ? - help, Q - select action, (/) - cycle Shift-Dir - straight line, f/p - orc priest
Aim: an orc priest, wielding a +0 trident and wearing a +0 ring mail (almost dead, 83% to hit)
The blast of sand hits the orc priest but does no damage.
The orc priest is almost dead.
The orc priest hits you from afar with a +0 trident.
You don't have enough magic to cast this spell.
Unknown command.
The orc priest calls down the wrath of Beogh upon you.
You barely resist.
The orc priest invokes the aid of Beogh against you.
Pain shoots through your body!
There is a large open door here.
The orc priest invokes the aid of Beogh against you.
Beogh smites you!
You die...

####### ######..)..#
############...##.....########
#..........'...@'....oo.).....
#.##########.(.##.....#####...
.#.# #...##.....# .#.#
#...##.....# .#.# ############
.#.# .#.# .... .#.# ... ^#.#
####### ...


You could see an orc priest and an orc.

Vanquished Creatures
  5 gnolls
  An adder (D:2)
  A dart slug (D:1)
  An orc (D:3)
  5 ball pythons
  2 endoplasms
  6 giant cockroaches
  3 goblins (D:1)
  5 hobgoblins
  4 jackals (D:3)
  3 kobolds
  4 quokkas
  3 bats
  4 frilled lizards
  6 rats
53 creatures vanquished.

Notes
Turn   | Place    | Note
-------+----------+-------------------------------------------
     0 | D:1      | raph the Gargoyle Earth Elementalist began the quest for
                  | the Orb.
     0 | D:1      | Reached XP level 1. HP: 10/10 MP: 3/3
   145 | D:1      | Reached skill level 4 in Earth Magic
   469 | D:1      | Reached XP level 2. HP: 15/15 MP: 3/5
   851 | D:1      | Learned a level 2 spell: Passwall
   893 | D:1      | Found a faded altar of an unknown god.
  1100 | D:1      | Reached skill level 5 in Earth Magic
  1100 | D:1      | Reached XP level 3. HP: 19/19 MP: 1/6
  1150 | D:1      | Learned a level 3 spell: Stone Arrow
  1821 | D:2      | Reached skill level 1 in Conjurations
  2003 | D:1      | Reached XP level 4. HP: 19/24 MP: 0/7
  3413 | D:3      | Reached XP level 5. HP: 28/28 MP: 6/8
  3430 | D:3      | Killed from afar by an orc priest

Illustrated notes

Levels and vault maps discovered:
D:1:      arrival_zaba_pyramid, layout_basic, chequers_ecumenical_altar_island,
          kennysheep_another_room
D:2:      layout_loops_corners, grunt_decor_resistance
D:3:      layout_basic

Skill      XL: |  1  2  3  4 |
---------------+-------------+-----
Earth Magic    | 4 5 |  5.9
Conjurations   | 1 2 |  2.3
Dodging        | |  1.5
Stealth        | |  2.1
Spellcasting   | |  2.0
Transmutations | |  0.7

Action                   |  1- 3 |  4- 6 || total
-------------------------+-------+-------++-------
Melee: Unarmed           |     1 |       ||     1
       Whip              |    72 |       ||    72
       Flail             |       |    36 ||    36
 Cast: Sandblast         |    42 |    13 ||    55
       Stone Arrow       |     1 |     2 ||     3
       Passwall          |     1 |       ||     1
 Stab: Sleeping          |     1 |     3 ||     4
Armor: Robe              |    28 |    26 ||    54
Dodge: Dodged            |    53 |    52 ||   105
